 Dungeon Crawl Stone Soup version 0.27-a0-1431-gcffa5a9b16 (console) character file.

Game seed: 11131488705326269251

3922 jejorda2 the Impaler (level 10, -1/76 HPs)
             Began as a Merfolk Berserker on July 2, 2021.
             Was a High Priest of Trog.
             Slain by an orc knight (14 damage)
             ... in a bailey.
             The game lasted 00:12:26 (5995 turns).

jejorda2 the Impaler (Merfolk Berserker)            Turns: 5995, Time: 00:12:26

Health: -1/76      AC: 13    Str: 22    XL:     10   Next: 20%
Magic:  10/10      EV:  7    Int:  6    God:    Trog [*****.]
Gold:   179        SH:  0    Dex: 13    Spells: 9/9 levels left

rFire    . . .     SeeInvis +   a - +5 trident "Jaliuth" {flame, rPois}
rCold    . . .     Faith    .   (no shield)
rNeg     . . .     Spirit   .   g - +0 plate armour
rPois    +         Reflect  .   c - +0 helmet
rElec    .         Harm     .   (no cloak)
rCorr    .         Rampage  .   (no gloves)
Will     .....                  (no boots)
Stlth    ..........             (no amulet)
HPRegen  0.22/turn              f - ring of see invisible
MPRegen  0.12/turn              (no ring)

@: on berserk cooldown, very slightly contaminated, slowed, very slow
A: (nimble swimmer 2), mertail
a: Renounce Religion, Berserk, Trog's Hand, Brothers in Arms


You were in a bailey.
You worshipped Trog.
Trog was extremely pleased with you.
You visited 1 branch of the dungeon, and saw 7 of its levels.
You also visited: Ossuary and Bailey.

You collected 315 gold pieces.
You spent 136 gold pieces at shops.

Inventory:

Hand Weapons
 a - the +5 trident "Jaliuth" (weapon) {flame, rPois}
   (You bought it in a shop on level 2 of the Dungeon)

   It has been specially enchanted to burn those struck by it, causing extra
   injury to most foes and up to half again as much damage against particularly
   susceptible opponents.
   rPois:     It protects you from poison.
 b - a +0 halberd
Missiles
 l - 30 poisoned darts (quivered)
Armour
 c - a +0 helmet (worn)
 g - a +0 plate armour (worn)
 w - a +0 chain mail
Jewellery
 f - a ring of see invisible (left hand)
Scrolls
 k - a scroll of vulnerability {unknown}
 n - 2 scrolls of identify {unknown}
 q - a scroll of enchant armour {unknown}
 r - a scroll of fear {unknown}
 s - a scroll of magic mapping
 t - a scroll of enchant weapon
 u - a scroll of noise {unknown}
Potions
 d - a potion of ambrosia {unknown}
 e - 3 potions of invisibility
 h - a potion of mutation {unknown}
 i - 2 potions of curing {unknown}
 j - 2 potions of lignification {unknown}
 m - 2 potions of heal wounds {unknown}
 o - 5 potions of attraction {unknown}
 p - a potion of magic {unknown}
 v - 2 potions of berserk rage {unknown}


   Skills:
 - Level 6.0 Fighting
 * Level 15.6 Polearms
 - Level 6.0 Armour
 - Level 2.6 Dodging


You had 9 spell levels left.
You didn't know any spells.
Your spell library was empty.

Dungeon Overview and Level Annotations

Branches:
Dungeon (7/15)             Temple (0/1) D:7         Ossuary (visited)
 Bailey (1/1)

Altars:
Ashenzari
Dithmenos
Elyvilon
Qazlal
Ru
The Shining One

Shops:
D:2 (


Innate Abilities, Weirdness & Mutations

((You are quick and stealthy near water. (Stealth+, EV+, Speed+++)))
Your lower body shifts to a powerful aquatic tail in water.


Message History

Aim: an orc knight, wielding a +0 halberd and wearing a +0 crystal plate armour (heavily wounded, about 29% to evade the +5 trident "Jaliuth")
You reach to attack!
You hit the orc knight. You burn the orc knight.
The orc knight is severely wounded.
The orc knight hits you from afar with a +0 halberd!
Reach: a) +5 trident "Jaliuth" {flame, rPois}
Press: ? - help, Dir - move target, f/p - orc knight
Aim: an orc knight, wielding a +0 halberd and wearing a +0 crystal plate armour (severely wounded, about 29% to evade the +5 trident "Jaliuth")
You reach to attack!
You hit the orc knight but do no damage.
The orc knight is severely wounded.
The orc knight closely misses you.
Reach: a) +5 trident "Jaliuth" {flame, rPois}
Press: ? - help, Dir - move target, f/p - orc knight
Aim: an orc knight, wielding a +0 halberd and wearing a +0 crystal plate armour (severely wounded, about 30% to evade the +5 trident "Jaliuth")
You reach to attack!
You hit the orc knight but do no damage.
The orc knight is severely wounded.
The orc knight hits you from afar with a +0 halberd!!
Reach: a) +5 trident "Jaliuth" {flame, rPois}
Press: ? - help, Dir - move target, f/p - orc knight
Aim: an orc knight, wielding a +0 halberd and wearing a +0 crystal plate armour (severely wounded, about 29% to evade the +5 trident "Jaliuth")
You reach to attack!
You hit the orc knight. You burn the orc knight.
The orc knight is almost dead.
The orc knight hits you from afar with a +0 halberd.
Reach: a) +5 trident "Jaliuth" {flame, rPois}
Press: ? - help, Dir - move target, f/p - orc knight
Aim: an orc knight, wielding a +0 halberd and wearing a +0 crystal plate armour (almost dead, about 29% to evade the +5 trident "Jaliuth")
You reach to attack!
You hit the orc knight but do no damage.
The orc knight is almost dead.
The orc knight hits you from afar with a +0 halberd!
* * * LOW HITPOINT WARNING * * *
Reach: a) +5 trident "Jaliuth" {flame, rPois}
Press: ? - help, Dir - move target, f/p - orc knight
Aim: an orc knight, wielding a +0 halberd and wearing a +0 crystal plate armour (severely wounded, about 29% to evade the +5 trident "Jaliuth")
You reach to attack!
You hit the orc knight. You burn the orc knight.
The orc knight is almost dead.
You flicker back into view.
The orc knight hits you from afar with a +0 halberd!
You die...

##..≈≈≈≈≈≈≈..##
##..≈≈...).≈≈..##
##########..≈≈..###.)≈≈..#####
#..........≈≈..## ##..≈≈......
#.≈≈≈≈≈≈≈≈≈≈..##.∩.##.)≈≈≈≈≈≈≈
#.≈......)...##.....##.)......
#.≈.#########'###+############
#.≈.## ##......... # #.≈..##
##.@≈§≈≈≈≈≈§ ## #.≈≈).##
#.§≈≈)....≈≈ ##. #∩.≈≈).#
#.§§§o)⌠∩⌠..§ #.)
##.≈≈..#+#..§≈.(.§...§ #..
#.≈≈).##.##§§≈§.....≈§ ##.
#.≈..##...+#..≈≈≈§≈≈≈. ##
#.≈)##.....##......... #.$$$.#
#.≈.#############+### #######
#.≈..........## #####


You could see an orc knight.

Vanquished Creatures
  A two-headed ogre (D:7)
  An orc knight (Bailey)
  Menkaure (D:4)
  A sky beast (D:6)
  A hornet zombie (D:5)
  3 orc warriors (Bailey)
  An ice beast (D:6)
  3 ogres
  A centaur (D:5)
  5 phantoms
  A gnoll sergeant (D:5)
  2 scorpions
  A wyvern skeleton (D:6)
  2 water moccasin zombies (Ossuary)
  5 wights (D:6)
  3 howler monkeys
  A jelly (D:6)
  A centaur skeleton (D:4)
  5 orc priests
  A hound (D:5)
  A bullfrog skeleton (D:6)
  2 iguanas
  5 orc wizards
  A hound zombie (D:5)
  A hound skeleton (D:4)
  2 mummies (Ossuary)
  5 gnolls (D:5)
  A howler monkey skeleton (D:4)
  3 adders (D:4)
  A shadow imp (D:6)
  An ufetubus (D:5)
  8 adder zombies (Ossuary)
  An adder skeleton (D:4)
  2 worms
  4 dart slugs
  40 orcs
  8 ball pythons
  6 endoplasms
  5 giant cockroaches
  7 goblins
  10 hobgoblins
  2 jackals (D:4)
  A quokka (D:1)
  5 bats
  4 frilled lizards
  A gnoll zombie (Ossuary)
  12 hobgoblin zombies (Ossuary)
  9 kobolds
  4 kobold zombies (Ossuary)
  2 orc zombies (Ossuary)
  A quokka skeleton (D:4)
  6 rats
201 creatures vanquished.

Vanquished Creatures (others)
  An endoplasm (D:1)
  8 plants (D:4)
9 creatures vanquished.

Grand Total: 210 creatures vanquished

Notes
Turn   | Place    | Note
-------+----------+-------------------------------------------
     0 | D:1      | jejorda2 the Merfolk Berserker began the quest for the Orb.
     0 | D:1      | Reached XP level 1. HP: 18/18 MP: 1/1
    17 | D:1      | Found a faded altar of an unknown god.
   206 | D:1      | Reached XP level 2. HP: 24/24 MP: 2/2
   293 | D:1      | Reached skill level 5 in Polearms
   666 | D:1      | Reached XP level 3. HP: 29/29 MP: 3/3
   825 | D:2      | Found Yjyut's Antique Weapon Boutique.
  1116 | D:2      | Reached ** piety under Trog
  1282 | D:2      | Reached skill level 6 in Polearms
  1282 | D:2      | Reached XP level 4. HP: 37/37 MP: 4/4
  1713 | D:3      | Reached XP level 5. HP: 42/42 MP: 5/5
  1786 | D:2      | Bought a twisted trident for 136 gold pieces
  1786 | D:2      | Identified the +5 trident "Jaliuth" {flame, rPois} (You
                  | bought it in a shop on level 2 of the Dungeon)
  2409 | D:4      | Noticed an ogre
  2416 | D:4      | Killed an ogre
  2417 | D:4      | Reached skill level 7 in Polearms
  2417 | D:4      | Reached XP level 6. HP: 29/49 MP: 6/6
  2622 | D:4      | Noticed Menkaure
  2643 | D:4      | Found a white marble altar of Elyvilon.
  2648 | D:4      | Killed Menkaure
  2649 | D:4      | Reached skill level 8 in Polearms
  2667 | D:4      | Reached skill level 5 in Fighting
  2884 | D:4      | Reached XP level 7. HP: 56/56 MP: 7/7
  2898 | D:4      | Reached *** piety under Trog
  3235 | D:4      | Reached skill level 9 in Polearms
  3552 | D:5      | Entered Level 5 of the Dungeon
  3764 | D:5      | Found a sacrificial altar of Ru.
  3782 | D:5      | Reached skill level 10 in Polearms
  3782 | D:5      | Reached XP level 8. HP: 64/64 MP: 8/8
  3963 | D:5      | Found a shadowy altar of Dithmenos.
  3982 | D:5      | Reached skill level 11 in Polearms
  4316 | D:5      | Reached **** piety under Trog
  4680 | D:6      | Reached skill level 12 in Polearms
  4701 | D:6      | Found a glowing golden altar of the Shining One.
  4703 | D:6      | Found a stormy altar of Qazlal.
  4703 | D:6      | Found a broken altar of Ashenzari.
  4708 | D:6      | Reached XP level 9. HP: 65/69 MP: 9/9
  5113 | D:6      | Reached skill level 13 in Polearms
  5118 | D:6      | Reached skill level 5 in Armour
  5381 | D:7      | Found a sand-covered staircase.
  5390 | Ossuary  | Entered an ossuary
  5568 | D:7      | Found a staircase to the Ecumenical Temple.
  5589 | D:7      | Found a flagged portal.
  5591 | D:7      | Noticed a two-headed ogre
  5601 | D:7      | Reached ***** piety under Trog
  5610 | D:7      | Killed a two-headed ogre
  5611 | D:7      | Reached skill level 14 in Polearms
  5660 | Bailey   | Entered a bailey
  5838 | Bailey   | Noticed an orc knight
  5838 | Bailey   | Noticed an orc knight
  5857 | Bailey   | Reached XP level 10. HP: 67/76 MP: 10/10
  5971 | Bailey   | Reached skill level 15 in Polearms
  5979 | Bailey   | Killed an orc knight
  5995 | Bailey   | Slain by an orc knight

Illustrated notes

Levels and vault maps discovered:
D:1:      shiori_arrival_oz, layout_basic, ebering_ecumenical_altar_mist,
          minmay_misc_feat_room, serial_bayou_pond_c
D:2:      layout_basic, serial_shops, nicolae_shop_statue_plus
D:3:      layout_loops_ring
D:4:      layout_loops_ring, nicolae_elyvilon_temple_path, uniq_menkaure
D:5:      layout_rooms, lemuel_crystal_altar, nicolae_dithmenos_shadow_blocks,
          st_stairs_14, item_on_display_a
D:6:      layout_rooms, grunt_temple_overflow_open
D:7:      layout_gridville, slow_altar_1, minmay_temple_entry_hall,
          nicolae_ossuary_entry_monument, enter_bailey_5, uniq_joseph
Bailey:   bailey_polearm_1, bailey

Skill      XL: |  1  2  3  4  5  6  7  8  9 10 |
---------------+-------------------------------+-----
Polearms       | 5 6 7 8 10 12 14 15 | 15.6
Armour         | 2 3 4 5 6 |  6.0
Fighting       | 4 5 6 |  6.0
Dodging        | |  2.6

Action                   |  1- 3 |  4- 6 |  7- 9 | 10-12 || total
-------------------------+-------+-------+-------+-------++-------
Melee: Spear             |   152 |    55 |       |       ||   207
       Trident           |       |    42 |   298 |    29 ||   369
Throw: Dart              |       |       |       |     1 ||     1
Invok: Berserk           |     2 |     3 |     4 |     1 ||    10
       Trog's Hand       |       |     1 |       |       ||     1
  Use: Scroll            |       |     2 |     2 |       ||     4
       Potion            |       |       |       |     1 ||     1
 Stab: Sleeping          |     2 |       |       |       ||     2
       Invisible         |       |       |       |     6 ||     6
Armor: Animal skin       |     6 |       |       |       ||     6
       Leather armour    |    13 |       |       |       ||    13
       Ring mail         |    17 |    14 |       |       ||    31
       Plate armour      |       |    13 |    62 |     2 ||    77
Dodge: Dodged            |    62 |    26 |    41 |     3 ||   132

Table legend: (Time is in decaauts)
 A = Elapsed time spent in this place.
 B = Non-inter-level travel time spent in this place.
 C = Inter-level travel time spent in this place.
 D = Time resting spent in this place.
 E = Time spent auto-exploring this place.
 F = Levels seen in this place.
 G = Mean time per level.
                   A        B        C        D        E       F      G
               +--------+--------+--------+--------+--------+-----+--------+
         Total |   5920 |   5512 |    408 |    288 |   4124 |   9 |  657.8 |
       Dungeon |   5483 |   5075 |    408 |    288 |   3954 |   7 |  783.3 |
       Ossuary |    141 |    141 |      0 |      0 |      0 |   1 |  141.0 |
        Bailey |    295 |    295 |      0 |      0 |    170 |   1 |  295.0 |
               +--------+--------+--------+--------+--------+-----+--------+

Top non-repeatable levels by time:
     D:5: 1063 daAuts
     D:3: 1061 daAuts
     D:4: 948 daAuts
     D:1: 820 daAuts
     D:6: 751 daAuts
     D:2: 716 daAuts
  Bailey: 295 daAuts
 Ossuary: 141 daAuts
     D:7: 121 daAuts
